 Dungeon Crawl Stone Soup version 0.30-a0-639-g3916f1956a (webtiles) character file.

Game seed: 6223217272781570077

909 themarg the Insei (level 8, -6/60 HPs)
             Began as a Gnoll Transmuter on Jan 15, 2023.
             Was a Follower of Nemelex Xobeh.
             Succumbed to a gnoll sergeant's poison
             ... on level 6 of the Dungeon on Jan 16, 2023.
             The game lasted 00:11:21 (5029 turns).

themarg the Insei (Gnoll Transmuter)                Turns: 5029, Time: 00:11:22

Health: -6/60      AC:  6    Str: 11    XL:     8   Next: 8%
Magic:  4/16       EV: 22    Int: 14    God:    Nemelex Xobeh [*.....]
Gold:   216        SH:  0    Dex: 17    Spells: 12/18 levels left

rFire   . . .      SeeInvis .      - Unarmed
rCold   . . .      Faith    .    (shield currently unavailable)
rNeg    . . .      Spirit   +    (body armour currently unavailable)
rPois   x          Reflect  .    (helmet currently unavailable)
rElec   .          Harm     .    (cloak currently unavailable)
rCorr   +          Rampage  .    (gloves currently unavailable)
Will    .....                    (boots currently unavailable)
Stlth   ++                       f - amulet of guardian spirit
HPRegen 0.30/turn                g - ring of resist corrosion
MPRegen 0.15/turn                w - +4 ring of protection

@: lethally poisoned (-6 -> -86), spider-form, wereblooded
A: venomous fangs, tiny, (fangs 1), strong nose, distributed training
a: End Transformation, Renounce Religion, Draw Escape, Draw Destruction, Draw
Summoning


You were on level 6 of the Dungeon.
You worshipped Nemelex Xobeh.
Nemelex Xobeh was aware of your devotion.
You were a venomous arachnid creature.
You visited 2 branches of the dungeon, and saw 7 of its levels.

You collected 216 gold pieces.

Inventory:

Missiles
 n - 38 stones
 A - 10 poisoned darts
Armour
 a - a +0 robe (melded)
 h - a +2 helmet (melded)
 j - a scarf of resistance (melded)
 D - a +0 cloak
Jewellery
 f - an amulet of guardian spirit (around neck)
 g - a ring of resist corrosion (left front pincers)
 v - a ring of protection from cold
 w - a +4 ring of protection (right front pincers)
Wands
 q - a wand of iceblast (5)
 C - a wand of mindburst (15)
 E - a wand of acid (13)
Scrolls
 c - 2 scrolls of enchant armour
 d - 4 scrolls of fear {unknown}
 m - 2 scrolls of immolation
 p - 4 scrolls of identify {unknown}
 r - 3 scrolls of fog {unknown}
 u - a scroll of blinking {unknown}
 x - a scroll of noise {unknown}
 y - 2 scrolls of poison {unknown}
 z - 2 scrolls of teleportation
 F - a scroll of enchant weapon {unknown}
 G - a scroll of amnesia {unknown}
Potions
 b - a potion of lignification
 e - a potion of mutation {unknown}
 i - 3 potions of attraction {unknown}
 k - 3 potions of brilliance {unknown}
 l - a potion of heal wounds
 o - 2 potions of degeneration {unknown}
 s - 6 potions of curing
 t - a potion of flight {unknown}
 B - a potion of haste {unknown}


   Skills:
 + Level 4.0 Fighting
 + Level 3.0 Short Blades
 + Level 3.0 Long Blades
 + Level 3.0 Axes
 + Level 3.0 Maces & Flails
 + Level 3.0 Polearms
 + Level 3.0 Staves
 + Level 3.0 Ranged Weapons
 + Level 3.0 Throwing
 + Level 3.0 Armour
 + Level 5.5 Dodging
 + Level 3.0 Stealth
 + Level 3.0 Shields
 + Level 7.3 Unarmed Combat
 + Level 5.9 Spellcasting
 + Level 2.4 Conjurations
 + Level 2.4 Hexes
 + Level 2.4 Summonings
 + Level 2.4 Necromancy
 + Level 2.4 Translocations
 + Level 4.6 Transmutations
 + Level 2.4 Fire Magic
 + Level 2.4 Ice Magic
 + Level 2.4 Air Magic
 + Level 2.4 Earth Magic
 + Level 2.4 Poison Magic
 + Level 3.3 Invocations
 + Level 3.0 Evocations


You had 12 spell levels left.
You knew the following spells:

 Your Spells              Type           Power      Damage    Failure   Level
a - Beastly Appendage     Tmut           34%        N/A       9%          1
b - Wereblood             Tmut           17%        N/A       12%         2
c - Spider Form           Tmut/Pois      14%        N/A       26%         3

Your spell library contained the following spells:

 Spells                   Type           Power      Damage    Failure   Level
 Necrotise                Necr           44%        1d6       17%         1
 Sublimation of Blood     Necr           11%        N/A       22%         2
 Vampiric Draining        Necr           11%        2d6       36%         3
 Ice Form                 Ice/Tmut       14%        N/A       58%         4
 Agony                    Necr           11%        N/A       95%         5
 Summon Hydra             Summ           5%         N/A       100%        7


Dungeon Overview and Level Annotations

Branches:
Dungeon (6/15)             Temple (1/1) D:5

Altars:
Ashenzari
Cheibriados
Dithmenos
Elyvilon
Fedhas
Gozag
Kikubaaqudgha
Makhleb
Nemelex Xobeh
Okawaru
Qazlal
Ru
Sif Muna
Trog
Vehumet
Wu Jian
Xom
Yredelemnul
Zin
The Shining One

Shops:
D:1 (

Annotations:
D:6 1 runed translucent door, Mitcholas's ghost, novice DEHu


Innate Abilities, Weirdness & Mutations

You are a venomous arachnid creature.
You have venomous fangs.
You are tiny and dextrous.
Your spellcasting is less reliable in this form.
Your armour is entirely melded.
You are incapable of wielding weapons or throwing items.
((You have very sharp teeth.))
Your uncanny sense of smell can sniff out nearby items.
Your experience applies equally to all skills.


Message History

You bite the gnoll sergeant!
The gnoll sergeant is heavily wounded.
You hiss as the wereblood boils in your veins!
You feel very sick.
You hit the gnoll.
The gnoll looks as sick as possible!
The gnoll is severely wounded.
You feel very sick.
You feel a bit better.
You kill the gnoll!
The gnoll sergeant closely misses you.
You hit the gnoll sergeant but do no damage.
The gnoll sergeant is heavily wounded.
You feel very sick.
The gnoll sergeant hits you with a +1 spear of venom.
You are lethally poisoned!
You barely miss the gnoll sergeant.
The gnoll sergeant is heavily wounded.
You hiss as the wereblood boils in your veins!
* * * LOW HITPOINT WARNING * * *
You feel extremely sick.
The gnoll sergeant hits you but does no damage.
You are more poisoned.
You hit the gnoll sergeant but do no damage.
The gnoll sergeant is poisoned.
The gnoll sergeant is heavily wounded.
* * * LOW HITPOINT WARNING * * *
You feel extremely sick.
The gnoll sergeant completely misses you.
You feel much better.
* * * LOW HITPOINT WARNING * * *
You feel extremely sick.
The gnoll sergeant hits you with a +1 spear of venom!
* * * LOW HITPOINT WARNING * * *
You are more poisoned.
You hit the gnoll sergeant but do no damage.
The gnoll sergeant looks as sick as possible!
The gnoll sergeant is heavily wounded.
You hiss as the wereblood boils in your veins!
You die...
Your body disappears without a glow.

#.........
#......... #########
#......... #...$$..#
#......... #.......#
#....).### #.....(.#
#......#
#.......#####......#
#....))..........###
#...)s...........#
#...g..........###
#..............#
######.........#
#.........#
#.........#
#.........#
#.........#
###########


You could see a gnoll sergeant (extremely poisoned).

Vanquished Creatures
  An ogre (D:5)
  2 centaurs
  A necrophage (D:5)
  A scorpion (D:4)
  2 hounds
  3 orc priests (D:5)
  A jelly (D:5)
  2 orc wizards
  2 iguanas
  A hound zombie (D:3)
  3 gnolls (D:6)
  6 adders
  2 white imps
  2 ufetubi
  An adder skeleton (D:3)
  3 worms
  3 dart slugs
  20 orcs
  9 ball pythons
  8 bats
  11 endoplasms
  A giant cockroach (D:2)
  10 goblins
  9 hobgoblins
  3 jackals (D:4)
  7 kobolds
  4 quokkas
  3 frilled lizards
  A quokka zombie (D:3)
  6 rats
128 creatures vanquished.

Vanquished Creatures (others)
  2 withered plants (D:3)
2 creatures vanquished.

Grand Total: 130 creatures vanquished

Notes
Turn   | Place    | Note
-------+----------+-------------------------------------------
     0 | D:1      | themarg the Gnoll Transmuter began the quest for the Orb.
     0 | D:1      | Reached XP level 1. HP: 17/17 MP: 6/6
   103 | D:1      | Reached XP level 2. HP: 18/23 MP: 5/7
   106 | D:1      | Learned a level 2 spell: Wereblood
   427 | D:1      | Found Jysohif's Antique Weapon Shop.
   432 | D:1      | Reached skill level 5 in Spellcasting
   432 | D:1      | Reached XP level 3. HP: 28/28 MP: 6/9
   845 | D:2      | Reached skill level 1 in Invocations
  1060 | D:2      | Reached skill level 1 in Short Blades
  1060 | D:2      | Reached skill level 1 in Long Blades
  1060 | D:2      | Reached skill level 1 in Axes
  1060 | D:2      | Reached skill level 1 in Maces & Flails
  1060 | D:2      | Reached skill level 1 in Polearms
  1060 | D:2      | Reached skill level 1 in Staves
  1060 | D:2      | Reached skill level 1 in Ranged Weapons
  1060 | D:2      | Reached skill level 1 in Throwing
  1060 | D:2      | Reached skill level 1 in Armour
  1060 | D:2      | Reached skill level 1 in Stealth
  1060 | D:2      | Reached skill level 1 in Shields
  1060 | D:2      | Reached skill level 1 in Evocations
  1606 | D:2      | Reached XP level 4. HP: 34/34 MP: 9/11
  1723 | D:2      | Learned a level 3 spell: Spider Form
  1962 | D:3      | Reached skill level 1 in Conjurations
  1962 | D:3      | Reached skill level 1 in Hexes
  1962 | D:3      | Reached skill level 1 in Summonings
  1962 | D:3      | Reached skill level 1 in Necromancy
  1962 | D:3      | Reached skill level 1 in Translocations
  1962 | D:3      | Reached skill level 1 in Fire Magic
  1962 | D:3      | Reached skill level 1 in Ice Magic
  1962 | D:3      | Reached skill level 1 in Air Magic
  1962 | D:3      | Reached skill level 1 in Earth Magic
  1962 | D:3      | Reached skill level 1 in Poison Magic
  2221 | D:3      | Reached XP level 5. HP: 23/40 MP: 7/12
  2675 | D:4      | Reached XP level 6. HP: 38/47 MP: 8/13
  2866 | D:4      | Reached skill level 5 in Dodging
  3658 | D:5      | Entered Level 5 of the Dungeon
  3682 | D:5      | Reached skill level 7 in Unarmed Combat
  3682 | D:5      | Reached XP level 7. HP: 52/52 MP: 10/15
  3687 | D:5      | Found a staircase to the Ecumenical Temple.
  3694 | Temple   | Entered the Ecumenical Temple
  3867 | Temple   | Became a worshipper of Nemelex Xobeh the Trickster
  4819 | D:6      | Found a runed translucent door.
  4819 | D:6      | Noticed Mitcholas's ghost (novice DEHu)
  4877 | D:6      | Reached * piety under Nemelex Xobeh
  4922 | D:6      | Received a gift from Nemelex Xobeh
  4950 | D:6      | Reached XP level 8. HP: 45/60 MP: 11/16
  5027 | D:6      | HP: 3/60 [poisoned by a gnoll sergeant]
  5029 | D:6      | Succumbed to a gnoll sergeant's poison

Illustrated notes

Levels and vault maps discovered:
D:1:      mrwooster_arrival_statue_2, layout_loops_ring, serial_shops,
          nicolae_shop_hallway_stairs
D:2:      layout_basic
D:3:      layout_rooms, serial_undead, serial_undead_f, serial_undead_a,
          serial_undead_b, serial_undead_d
D:4:      layout_basic
D:5:      layout_basic, minmay_temple_entry_wispy
D:6:      layout_basic, ebering_ghost_inner_flame, grunt_ministairs_6
Temple:   nicolae_temple_bog_church

Skill      XL: |  1  2  3  4  5  6  7 |
---------------+----------------------+-----
Spellcasting   | 5 |  5.9
Invocations    | 1 2 3 |  3.3
Short Blades   | 1 2 3 |  3.0
Long Blades    | 1 2 3 |  3.0
Axes           | 1 2 3 |  3.0
Maces & Flails | 1 2 3 |  3.0
Polearms       | 1 2 3 |  3.0
Staves         | 1 2 3 |  3.0
Ranged Weapons | 1 2 3 |  3.0
Throwing       | 1 2 3 |  3.0
Armour         | 1 2 3 |  3.0
Stealth        | 1 2 3 |  3.0
Shields        | 1 2 3 |  3.0
Evocations     | 1 2 3 |  3.0
Conjurations   | 1 2 |  2.4
Hexes          | 1 2 |  2.4
Summonings     | 1 2 |  2.4
Necromancy     | 1 2 |  2.4
Translocations | 1 2 |  2.4
Fire Magic     | 1 2 |  2.4
Ice Magic      | 1 2 |  2.4
Air Magic      | 1 2 |  2.4
Earth Magic    | 1 2 |  2.4
Poison Magic   | 1 2 |  2.4
Fighting       | 3 4 |  4.0
Transmutations | 4 |  4.6
Dodging        | 5 |  5.5
Unarmed Combat | 7 |  7.3

Action                   |  1- 3 |  4- 6 |  7- 9 || total
-------------------------+-------+-------+-------++-------
Melee: Unarmed           |    94 |   137 |    70 ||   301
       Kick              |    18 |     6 |       ||    24
       Bite              |     9 |     2 |       ||    11
       Punch             |     4 |       |       ||     4
       Headbutt          |    12 |     5 |       ||    17
 Cast: Beastly Appendage |    30 |     9 |       ||    39
       Wereblood         |     3 |     4 |     1 ||     8
       Spider Form       |       |    20 |    14 ||    34
  Use: Scroll            |       |     3 |       ||     3
       Potion            |       |       |     1 ||     1
 Stab: Sleeping          |     2 |     6 |     2 ||    10
Armor: Robe              |    22 |     1 |       ||    23
       Skin              |       |     6 |    12 ||    18
Dodge: Dodged            |    44 |    95 |    66 ||   205

Table legend: (Time is in decaauts)
 A = Elapsed time spent in this place.
 B = Non-inter-level travel time spent in this place.
 C = Inter-level travel time spent in this place.
 D = Time resting spent in this place.
 E = Time spent auto-exploring this place.
 F = Levels seen in this place.
 G = Mean time per level.
                   A        B        C        D        E       F      G
               +--------+--------+--------+--------+--------+-----+--------+
         Total |   4999 |   4885 |    114 |      0 |   4011 |   7 |  714.1 |
       Dungeon |   4812 |   4702 |    110 |      0 |   3859 |   6 |  802.0 |
        Temple |    187 |    183 |      4 |      0 |    152 |   1 |  187.0 |
               +--------+--------+--------+--------+--------+-----+--------+

Top non-repeatable levels by time:
     D:4: 1112 daAuts
     D:2: 952 daAuts
     D:5: 915 daAuts
     D:3: 791 daAuts
     D:1: 774 daAuts
     D:6: 266 daAuts
  Temple: 187 daAuts
